Map: Nightshade LE

Players

LiquidClem (Clem)

  • Race: Terran Terran
  • League: Grandmaster
  • Spawn Location: 11:00

GunGFuBanDa - Winner!

  • Race: Protoss Protoss
  • League: Grandmaster
  • Spawn Location: 5:00

VOD

Have the link to the VOD?

Description

Time

  • Played on: April 13, 2020, 12:40 p.m.
  • Length: 11:43
Show
View Real Time Build Order
Export as new Build Order

LiquidClem Terran 

Build Orders: Reaper Expand 

Get SALT Encoding   

  12  0:01  SCV  
  13  0:13  SCV  
  14  0:17  Supply Depot  
  14  0:25  SCV  
  15  0:39  SCV  
  15  0:40  Barracks  
  16  0:44  Refinery  
  16  0:51  SCV  
  17  1:03  SCV  
  18  1:15  SCV  
  19  1:28  Reaper, Orbital Command  
  20  1:39  Command Center  
  20  1:49  Supply Depot  
  20  1:54  SCV  
  20  2:00  Marine  
  22  2:06  SCV  
  23  2:08  Factory  
  23  2:18  SCV, Refinery  
  24  2:23  Barracks Reactor  
  24  2:30  SCV  
  25  2:42  SCV  
  26  2:53  Hellion, Orbital Command, Starport  
  26  2:55  SCV  
  29  3:00  Marine x2  
  31  3:07  SCV  
  32  3:14  Factory Tech Lab  
  32  3:18  Marine x2  
  32  3:19  SCV x2  
  36  3:21  Supply Depot  
  36  3:31  SCV x2  
  38  3:38  Factory Tech Lab  
  38  3:40  Raven  
  40  3:41  Marine x2  
  40  3:43  SCV x2  
  40  3:46  Supply Depot  
  44  3:55  SCV x2  
  45  3:57  Command Center  
  45  4:01  Marine x2  
  48  4:04  Siege Tank  
  48  4:09  SCV, Supply Depot  
  52  4:18  Marine x2  
  52  4:19  SCV  
  54  4:25  SCV  
  54  4:26  Barracks  
  54  4:31  Barracks  
  55  4:36  SCV, Starport Reactor, Marine x2  
  55  4:38  Siege Tank  
  61  4:44  SCV  
  62  4:47  Supply Depot  
  62  4:48  SCV  
  63  4:54  Marine x2  
  63  4:56  SCV  
  66  5:00  Engineering Bay x2  
  66  5:02  SCV, Refinery  
  67  5:08  SCV  
  67  5:12  Refinery  
  67  5:13  Orbital Command  
  68  5:14  SCV  
  68  5:19  Factory Reactor  
  68  5:20  Marine  
  68  5:21  Marine  
  71  5:22  SCV  
  71  5:25  Stimpack  
  71  5:26  SCV, Combat Shield  
  73  5:29  Marauder  
  73  5:31  Marauder  
  77  5:37  SCV  
  77  5:38  SCV  
  77  5:43  Marine x2  
  77  5:48  Terran Infantry Weapons Level 1, Orbital Command  
  77  5:49  SCV  
  80  5:50  SCV  
  80  5:51  Supply Depot, Marauder  
  80  5:54  Marauder  
  85  6:00  Marine  
  85  6:01  SCV, Marine  
  85  6:03  SCV, Supply Depot  
  89  6:05  Terran Infantry Armor Level 1  
  89  6:13  SCV  
  89  6:14  SCV  
  89  6:15  SCV, Factory Tech Lab  
  89  6:16  Barracks  
  92  6:19  Marauder  
  92  6:21  Barracks  
  92  6:22  Marauder  
  96  6:25  SCV  
  96  6:26  Medivac x2  
  96  6:29  Supply Depot  
  96  6:30  SCV x2  
  103  6:34  Refinery  
  103  6:37  Refinery, Marine x2  
  103  6:38  SCV  
  106  6:42  SCV, Starport  
  106  6:46  Concussive Shells  
  107  6:48  Factory Reactor  
  107  6:49  Supply Depot  
  107  6:51  Marauder x2  
  107  6:52  SCV x2  
  113  6:54  SCV  
  113  6:57  Supply Depot, Marine x2  
  116  7:04  SCV  
  116  7:07  Armory  
  117  7:11  SCV x2, Marine x2  
  117  7:12  Marauder  
  117  7:13  Marauder  
  125  7:15  Viking  
  125  7:16  SCV  
  125  7:17  Viking  
  125  7:18  Marine x2  
  125  7:21  Marauder  
  128  7:23  SCV x2  
  128  7:29  SCV  
  131  7:30  Supply Depot, Marine x2  
  133  7:50  Supply Depot  
  133  7:52  Viking, Medivac x2, Marine x2  
  133  7:57  Viking, Marauder  
  145  8:01  Terran Infantry Weapons Level 2  
  145  8:03  Command Center  
  145  8:05  Terran Infantry Armor Level 2  
  145  8:09  SCV x2  
  145  8:10  SCV  
  119  8:20  Marine x2  
  119  8:21  SCV x2  
  119  8:22  Viking  
  119  8:23  Marine x2  
  119  8:26  Viking x2  
  131  8:31  Viking  
  131  8:32  SCV  
  134  8:34  SCV x2  
  136  8:44  Marauder x2  
  136  8:45  Ghost Academy  
  141  8:48  SCV x3  
  141  8:54  Viking  
  145  8:56  Marine x4  
  145  8:58  Marauder  
  151  9:05  Viking x2  
  151  9:08  Supply Depot  
  151  9:09  Viking  
  157  9:16  Marine x3  
  146  9:19  Marauder  
  146  9:23  SCV x3  
  146  9:24  Viking  
  153  9:26  Marauder x2  
  153  9:27  Marine  
  158  9:31  Supply Depot  
  158  9:35  Marine  
  158  9:36  Marine x2  
  161  9:39  Ghost  
  161  9:41  Liberator x2  
  161  9:44  Planetary Fortress  
  169  9:51  Marine, Sensor Tower  
  169  9:52  Supply Depot  
  170  9:54  Ghost  
  170  9:58  Marine x3  
  175  10:01  Ghost  
  177  10:07  Supply Depot  
  177  10:10  SCV  
  177  10:11  SCV  
  172  10:16  Orbital Command  
  156  10:24  Marauder  
  156  10:28  Liberator  
  140  10:31  Marine x2  
  140  10:32  SCV x2  
  140  10:33  Marauder, Marine x2  
  133  10:36  Marine  
  133  10:38  SCV  
  133  10:41  Medivac  
  133  10:42  SCV  
  138  10:45  Marine  
  138  10:49  Marine x2  
  140  10:51  SCV x2  
  140  10:52  Marine x2  
  140  10:54  Ghost  
  140  10:55  SCV  
  148  10:57  SCV  
  148  10:59  Marauder  
  148  11:03  Medivac, Marauder  
  154  11:04  SCV x2  
  154  11:07  Refinery x2  
  154  11:08  Marine x2  
  154  11:11  SCV x2  
  160  11:14  Marine x2  
  159  11:23  Marine  
  162  11:30  SCV x2  
  165  11:34  Missile Turret  
Show
View Real Time Build Order
Export as new Build Order

GunGFuBanDa Protoss - Winner!

Build Orders: 1 Gate Expand, Colossus Rush 

Get SALT Encoding   

  12  0:00  Probe  
  13  0:12  Probe  
  14  0:16  Pylon  
  14  0:20  Pylon  
  14  0:24  Probe  
  15  0:38  Probe (Chrono Boost)  
  15  0:41  Gateway  
  16  0:47  Probe (Chrono Boost)  
  16  0:48  Assimilator  
  17  0:53  Probe  
  18  1:05  Probe  
  19  1:25  Nexus  
  19  1:32  Cybernetics Core  
  19  1:34  Probe  
  19  1:39  Assimilator  
  20  1:46  Probe  
  21  1:50  Pylon  
  21  1:58  Probe  
  22  2:06  Adept (Chrono Boost)  
  22  2:09  Warp Gate  
  22  2:11  Probe  
  25  2:23  Probe  
  25  2:28  Stalker (Chrono Boost)  
  28  2:38  Probe (Chrono Boost)  
  28  2:39  Probe (Chrono Boost)  
  29  2:46  Robotics Facility  
  29  2:49  Probe (Chrono Boost)  
  29  2:51  Probe (Chrono Boost), Sentry (Chrono Boost)  
  31  2:57  Probe  
  34  2:59  Probe  
  35  3:09  Probe (Chrono Boost)  
  37  3:15  Stalker  
  37  3:16  Probe (Chrono Boost)  
  40  3:21  Probe (Chrono Boost)  
  40  3:22  Gateway  
  40  3:26  Probe x2 (Chrono Boost)  
  41  3:27  Gateway  
  42  3:34  Pylon, Observer  
  42  3:40  Probe  
  45  3:41  Probe  
  45  3:45  Pylon  
  45  3:53  Assimilator  
  45  3:54  Probe (Chrono Boost)  
  47  3:55  Assimilator  
  47  3:57  Probe (Chrono Boost)  
  47  3:59  Observer  
  47  4:01  Stalker  
  50  4:04  Probe (Chrono Boost)  
  50  4:07  Probe (Chrono Boost)  
  52  4:10  Probe  
  52  4:16  Probe (Chrono Boost)  
  54  4:22  Probe (Chrono Boost)  
  54  4:23  Robotics Bay  
  56  4:34  Probe x2 (Chrono Boost)  
  57  4:39  Probe (Chrono Boost)  
  57  4:41  Probe (Chrono Boost), Nexus  
  57  4:42  Pylon  
  58  4:48  Probe  
  59  4:53  Probe  
  59  4:59  Pylon  
  60  5:01  Probe  
  60  5:03  Shield Battery  
  60  5:05  Probe  
  60  5:06  Colossus (Chrono Boost)  
  62  5:08  Forge  
  62  5:13  Probe  
  69  5:15  Pylon  
  69  5:17  Probe, Extended Thermal Lance  
  69  5:20  Stalker  
  72  5:25  Probe  
  72  5:26  Stalker  
  75  5:29  Probe  
  76  5:36  Protoss Ground Weapons Level 1 (Chrono Boost)  
  76  5:37  Probe  
  76  5:41  Probe  
  78  5:43  Twilight Council  
  78  5:44  Shield Battery  
  78  5:46  Observer  
  78  5:49  Probe  
  79  5:50  Colossus (Chrono Boost)  
  85  5:59  Probe  
  85  6:00  Probe  
  85  6:01  Probe  
  85  6:02  Sentry  
  85  6:03  Sentry, Zealot  
  94  6:06  Pylon  
  95  6:11  Probe  
  95  6:12  Probe, Charge (Chrono Boost)  
  95  6:14  Probe  
  95  6:15  Pylon  
  97  6:19  Gateway  
  97  6:22  Gateway  
  97  6:24  Gateway  
  97  6:29  Gateway  
  97  6:31  Gateway  
  97  6:34  Pylon  
  97  6:41  Pylon  
  97  6:42  Colossus  
  103  6:50  Pylon  
  103  6:52  Probe x2  
  103  6:53  Probe  
  106  6:55  Assimilator  
  106  6:56  Pylon  
  106  6:58  Assimilator  
  106  7:04  Templar Archives  
  106  7:07  Zealot x3  
  112  7:20  Zealot x3  
  112  7:22  Probe, Photon Cannon  
  119  7:27  Protoss Ground Weapons Level 2 (Chrono Boost)  
  119  7:28  Blink (Chrono Boost)  
  119  7:32  Zealot x5  
  129  7:41  Disruptor  
  128  7:50  Zealot x3  
  134  7:52  Zealot  
  134  7:53  Zealot x3  
  142  7:58  Pylon  
  142  8:00  Pylon  
  142  8:01  High Templar  
  142  8:15  Warp Prism  
  136  8:23  High Templar  
  136  8:24  Zealot x5  
  150  8:32  Probe x2  
  142  8:36  Nexus, Gateway  
  142  8:37  Pylon  
  142  8:38  Forge  
  142  8:40  Archon  
  142  8:42  Probe  
  143  8:50  Disruptor (Chrono Boost)  
  143  8:54  Stalker x2  
  143  8:55  Stalker x2  
  154  8:57  Pylon  
  154  9:08  Pylon  
  151  9:17  Probe x3  
  151  9:18  Zealot x6  
  151  9:22  Protoss Ground Armor Level 1 (Chrono Boost)  
  151  9:23  Disruptor (Chrono Boost)  
  165  9:29  Probe x2  
  168  9:39  High Templar x4  
  168  9:40  High Templar x2  
  168  9:44  Pylon, Archon x2  
  168  9:45  Archon  
  180  9:47  Assimilator  
  180  9:50  Pylon  
  180  9:53  Dark Shrine  
  180  9:58  Warp Prism  
  182  10:10  Zealot x2  
  182  10:12  Zealot x5  
  156  10:31  Colossus (Chrono Boost)  
  150  10:44  High Templar x2  
  150  10:45  Zealot x6  
  166  10:50  Archon, Gateway  
  166  10:51  Gateway  
  166  10:53  Gateway  
  166  10:55  Robotics Facility  
  166  10:56  Gateway  
  166  10:59  Assimilator  
  166  11:10  Nexus  
  166  11:13  Pylon  
  172  11:19  Dark Templar  
  172  11:20  Dark Templar  
  172  11:21  Zealot x4, Dark Templar  
  172  11:24  Dark Templar  
Tags
 
Add a new tag
Caveats
  • Supply blocks, unpowered buildings, or Contaminate may cause inaccurate times.
  • Supply counts are checked every 10 seconds.